Map: Kairos Junction LE

Players

LJW - Winner!

  • Race: Terran Terran
  • League: Platinum
  • Spawn Location: 5:00

Odin

  • Race: Protoss Protoss
  • League: Gold
  • Spawn Location: 11:00

VOD

Have the link to the VOD?

Description

Time

  • Played on: Dec. 6, 2018, 10:24 a.m.
  • Length: 9:59
Show
View Real Time Build Order
Export as new Build Order

LJW Terran - Winner!

Build Orders: Banshee Rush 

Get SALT Encoding   

  12  0:01  SCV  
  13  0:13  SCV  
  14  0:18  Supply Depot  
  14  0:25  SCV  
  15  0:30  Refinery  
  15  0:39  SCV  
  16  0:46  Barracks  
  16  0:51  SCV  
  17  1:03  SCV  
  18  1:09  Refinery  
  18  1:20  SCV  
  19  1:27  Supply Depot  
  19  1:34  Orbital Command  
  19  1:36  Reaper  
  20  2:02  Factory, SCV  
  21  2:11  Barracks Reactor  
  21  2:15  SCV  
  22  2:27  SCV  
  22  2:29  Bunker  
  23  2:39  SCV  
  24  2:49  Marine x2  
  25  2:52  Factory Tech Lab  
  25  2:54  Starport  
  25  3:00  Supply Depot  
  25  3:03  SCV  
  26  3:11  Marine x2  
  28  3:16  SCV  
  29  3:27  Supply Depot  
  29  3:39  Command Center  
  29  3:56  Banshee  
  29  3:58  Cloaking Field  
  29  4:00  Widow Mine, SCV  
  29  4:01  Marine x2  
  37  4:05  Supply Depot  
  37  4:16  Barracks  
  37  4:41  Banshee  
  40  4:47  Marine  
  40  4:48  Marine  
  40  4:49  Factory Tech Lab  
  42  4:55  Engineering Bay, Orbital Command  
  42  5:10  Siege Tank  
  42  5:12  Barracks Tech Lab  
  42  5:13  Marine x2  
  47  5:22  Missile Turret  
  47  5:29  Banshee  
  47  5:31  Marine x2  
  52  6:03  SCV  
  52  6:04  Marine x2, Marauder  
  52  6:05  Orbital Command  
  54  6:27  Bunker  
  54  6:31  Marine x2, Marauder, Banshee  
  58  6:34  Siege Tank  
  58  6:35  SCV  
  62  6:50  SCV x2  
  62  6:51  Marine  
  62  6:52  Marine, Marauder  
  68  7:07  Supply Depot  
  68  7:10  SCV x2  
  68  7:12  Supply Depot  
  70  7:29  Marine x2, Marauder, SCV, Banshee  
  78  7:34  Siege Tank  
  78  7:35  Missile Turret  
  78  7:55  Barracks  
  78  7:56  Barracks  
  78  7:59  Barracks  
  78  8:01  Barracks, Refinery  
  78  8:14  Marauder  
  83  8:24  SCV  
  83  8:25  Command Center  
  83  8:26  Medivac  
  83  8:27  Siege Tank  
  83  8:32  Supply Depot x2  
  86  8:53  Marine x2  
  86  8:54  Marauder  
  72  9:18  Marine x3, Marauder  
  72  9:19  Barracks Tech Lab, Barracks Reactor  
  72  9:20  Barracks Tech Lab  
  77  9:36  Marine x2  
Show
View Real Time Build Order
Export as new Build Order

Odin Protoss 

Build Orders: Oracle Opening 

Get SALT Encoding   

  12  0:03  Probe  
  13  0:15  Probe, Pylon  
  14  0:23  Probe  
  15  0:38  Gateway  
  15  0:39  Probe  
  16  1:01  Probe  
  16  1:03  Assimilator  
  17  1:09  Probe  
  17  1:10  Gateway  
  17  1:18  Probe  
  19  1:27  Cybernetics Core  
  19  1:31  Pylon  
  19  1:32  Probe  
  20  1:48  Probe  
  21  2:00  Probe  
  22  2:03  Assimilator  
  22  2:04  Warp Gate  
  22  2:07  Adept  
  24  2:12  Adept  
  26  2:19  Probe  
  27  2:35  Nexus  
  26  2:57  Stargate  
  26  3:02  Probe  
  27  3:13  Adept x2  
  31  3:21  Pylon  
  31  3:32  Pylon  
  31  3:49  Probe x2  
  33  3:57  Oracle, Probe x2  
  38  4:03  Robotics Facility  
  38  4:06  Probe  
  38  4:07  Probe  
  38  4:08  Stalker  
  42  4:12  Stalker  
  44  4:18  Probe  
  44  4:19  Probe  
  46  4:30  Oracle  
  42  4:45  Assimilator  
  45  4:46  Assimilator  
  45  4:48  Shield Battery  
  45  4:53  Twilight Council  
  45  4:58  Zealot x2  
  49  5:09  Gateway  
  49  5:10  Gateway  
  49  5:13  Probe x2  
  51  5:25  Probe x2  
  51  5:26  Stalker x2  
  54  5:31  Observer  
  51  5:49  Phoenix  
  50  6:00  Probe  
  49  6:10  Stalker x3  
  54  6:12  Probe  
  55  6:24  Probe  
  56  6:30  Probe  
  57  6:36  Probe  
  58  6:41  Forge  
  58  6:42  Probe  
  59  6:48  Probe  
  59  6:52  Probe  
  60  6:57  Probe  
  62  7:11  Pylon  
  62  7:12  Pylon  
  62  7:27  Probe  
  62  7:29  Probe  
  54  7:39  Probe  
  54  7:51  Probe  
  54  7:57  Photon Cannon  
  55  8:01  Immortal  
  55  8:03  Probe  
  60  8:07  Zealot  
  60  8:08  Zealot x2  
  60  8:12  Charge  
  66  8:14  Probe  
  66  8:16  Probe  
  67  8:22  Probe  
  67  8:25  Sentry, Probe  
  71  8:30  Probe  
  72  8:37  Templar Archives  
  73  8:48  Photon Cannon  
  73  9:00  Zealot x2  
  47  9:18  Stalker x2  
  39  9:27  High Templar x2  
  44  9:33  Gateway  
  44  9:35  Gateway  
  38  9:42  High Templar x2  
  41  9:54  Archon  
Tags
 
Add a new tag
Caveats
  • Supply blocks, unpowered buildings, or Contaminate may cause inaccurate times.
  • Supply counts are checked every 10 seconds.